 Dungeon Crawl Stone Soup version 0.22.1-2-g9c5b331 (webtiles) character file.

2718 magicm the Quickloader (level 9, -3/79 HPs)
             Began as a Deep Dwarf Hunter on Nov 17, 2018.
             Was an Elder of Okawaru.
             Slain by Joseph
             ... wielding a +0 quarterstaff
              (13 damage)
             ... on level 7 of the Dungeon.
             The game lasted 00:25:44 (4942 turns).

magicm the Quickloader (Deep Dwarf Hunter)          Turns: 4942, Time: 00:25:46

Health: -3/79      AC: 12    Str: 19    XL:     9   Next: 39%
Magic:  6/6        EV: 12    Int: 14    God:    Okawaru [****..]
Gold:   274        SH:  0    Dex: 14    Spells: 8/8 levels left

rFire    . . .     SeeInvis .   b - +4 spear
rCold    . . .     Gourm    .   (no shield)
rNeg     . . .     Faith    +   g - +0 scale mail
rPois    .         Spirit   .   (no helmet)
rElec    .         Reflect  .   c - +0 cloak
rCorr    .         Harm     .   r - +2 pair of gloves
MR       +....                  (no boots)
Stlth    +.........             l - amulet of faith
HPRegen  0.00/turn              h - +3 ring of strength
MPRegen  0.10/turn              (no ring)

@: non-regenerating
A: damage resistance, heal wounds, sense surroundings 2, no regeneration
a: Heal Wounds, Heroism, Renounce Religion


You were on level 7 of the Dungeon.
You worshipped Okawaru.
Okawaru was greatly pleased with you.
You were not hungry.

You visited 1 branch of the dungeon, and saw 7 of its levels.

You collected 274 gold pieces.

Inventory:

Hand Weapons
 a - a +1 hand crossbow
 b - a +4 spear (weapon)
 t - a +0 mace of holy wrath
Missiles
 d - 100 bolts
 m - 3 tomahawks (quivered)
Armour
 c - a +0 cloak (worn)
 g - a +0 scale mail (worn)
 r - a +2 pair of gloves (worn)
Jewellery
 h - a +3 ring of strength (left hand)
 j - an uncursed ring of flight {unknown}
 l - an amulet of faith (around neck)
 s - an uncursed ring of fire {unknown}
Scrolls
 i - 2 scrolls of teleportation
Potions
 e - a potion of haste
 k - a potion of mutation {unknown}
 n - a potion of agility {unknown}
 o - a potion of cancellation {unknown}
 p - a potion of resistance {unknown}
 q - a potion of lignification {unknown}
Comestibles
 f - 10 rations


   Skills:
 + Level 4.6 Fighting
 + Level 5.9 Polearms
 + Level 9.0 Crossbows
 + Level 1.2 Throwing
 + Level 5.9 Armour
 + Level 4.3 Dodging
 + Level 2.3 Stealth
 + Level 0.5 Invocations


You had 8 spell levels left.
You didn't know any spells.
Your spell library contained the following spells:

 Spells                   Type           Power        Failure   Level  Hunger
 Beastly Appendage        Tmut           #.....       61%         1    ##.....
 Magic Dart               Conj           #...         61%         1    ##.....
 Blink                    Tloc           N/A          75%         2    ###....
 Call Imp                 Summ           #.......     75%         2    ###....
 Slow                     Hex            #.......     75%         2    ###....
 Sticks to Snakes         Tmut           #.......     75%         2    ###....
 Conjure Flame            Conj/Fire      #.......     93%         3    ####...
 Mephitic Cloud           Conj/Pois/Air  #.......     93%         3    ####...
 Spider Form              Tmut/Pois      #.........   93%         3    ####...
 Ice Form                 Ice/Tmut       #.......     100%        4    #####..
 Blade Hands              Tmut           #.........   100%        5    ######.


Dungeon Overview and Level Annotations

Branches:
Dungeon (7/15)             Temple (0/1) D:7

Altars:
Cheibriados
Okawaru
Qazlal
Sif Muna
Xom

Annotations:
D:7 Joseph


Innate Abilities, Weirdness & Mutations

You are resistant to damage.
You can heal yourself by infusing magical energy.
You passively map the area around you.
You do not regenerate.


Message History

Joseph hits you with an uncursed quarterstaff!
The yak gores you but does no damage. The yak barely misses you. x2
You hit Joseph.
Joseph is moderately wounded.
Joseph barely misses you. The yak gores you. The yak misses you. x2
The yak gores you.
You hit Joseph.
Joseph is moderately wounded.
Joseph hits you but does no damage. The yak barely misses you.
The yak closely misses you. The yak completely misses you.
Joseph hits you with an uncursed quarterstaff!
You hit Joseph.
Joseph is moderately wounded.
The yak gores you.
* * * LOW HITPOINT WARNING * * *
The yak gores you!
* * * LOW HITPOINT WARNING * * *
The yak barely misses you.
Joseph hits you with an uncursed quarterstaff!
You die...

, , , *
##............ ,
, #..((...(.... ,
, #..>........ ,,
* *....(......, *
, ..)..(.... * ,
* , .......s.#* .
......@YY## #..
,......Y@Y.##
.... ,,
#.....(....#.....
###...#..<....#*
* ##.......####
,* #...(...## * *
#......## * , ,,
#...(.## , ,
#.....## * >,
...#.. ,


You could see Joseph (berserk), 4 yaks and a giant cockroach.

Vanquished Creatures
  Pikel (D:5)
  Grinder (D:5)
  A yak (D:7)
  Menkaure (D:5)
  A water moccasin (D:7)
  2 ice beasts
  A slave (D:5)
  A sky beast (D:5)
  2 ogres
  A centaur (D:5)
  Blork the orc (D:6)
  3 bullfrogs
  2 big kobolds
  A howler monkey (D:5)
  A centaur zombie (D:6)
  2 crimson imps (D:5)
  2 hounds
  A jelly (D:7)
  A bullfrog skeleton (D:5)
  A centaur skeleton (D:4)
  3 worker ants
  2 hound zombies
  A worker ant zombie (D:6)
  4 gnolls (D:5)
  10 river rats (D:5)
  3 adders
  A shadow imp (D:5)
  A worm (D:3)
  4 dart slugs
  4 leopard geckos
  13 orcs
  5 giant cockroaches
  3 goblins (D:1)
  4 hobgoblins
  4 jackals (D:1)
  10 quokkas
  A ball python (D:4)
  A ball python skeleton (D:5)
  6 bats
  4 frilled lizards
  10 kobolds
  A quokka skeleton (D:4)
  24 rats
146 creatures vanquished.

Vanquished Creatures (others)
  5 dream sheep (D:3)
5 creatures vanquished.

Grand Total: 151 creatures vanquished

Notes
Turn   | Place    | Note
-------+----------+-------------------------------------------
     0 | D:1      | magicm the Deep Dwarf Hunter began the quest for the Orb.
     0 | D:1      | Reached XP level 1. HP: 19/19 MP: 1/1
    59 | D:1      | Reached XP level 2. HP: 26/26 MP: 2/2
   277 | D:1      | Reached skill level 5 in Crossbows
   717 | D:2      | Noticed an ice beast
   743 | D:2      | Killed an ice beast
   743 | D:2      | Reached skill level 6 in Crossbows
   743 | D:2      | Reached XP level 3. HP: 22/32 MP: 3/3
   743 | D:2      | Reached XP level 4. HP: 26/39 MP: 4/4
   795 | D:2      | Reached skill level 1 in Armour
   958 | D:2      | Found an iron altar of Okawaru.
   969 | D:2      | Became a worshipper of Warmaster Okawaru
  1240 | D:2      | Found a stormy altar of Qazlal.
  1247 | D:2      | Reached XP level 5. HP: 31/46 MP: 5/5
  1950 | D:3      | Found a shimmering altar of Xom.
  1950 | D:3      | Noticed a dream sheep
  1950 | D:3      | Noticed a dream sheep
  1950 | D:3      | Noticed a dream sheep
  1950 | D:3      | Noticed a dream sheep
  1950 | D:3      | Noticed a dream sheep
  1952 | D:3      | Killed a dream sheep
  1952 | D:3      | Reached skill level 7 in Crossbows
  1952 | D:3      | Reached XP level 6. HP: 55/55 MP: 5/5
  1954 | D:3      | Killed a dream sheep
  1954 | D:3      | Killed a dream sheep
  1956 | D:3      | Killed a dream sheep
  1956 | D:3      | Killed a dream sheep
  2167 | D:4      | Reached skill level 1 in Polearms
  2350 | D:4      | Reached * piety under Okawaru
  3017 | D:5      | Entered Level 5 of the Dungeon
  3053 | D:5      | Noticed a sky beast
  3084 | D:5      | Killed a sky beast
  3084 | D:5      | Reached XP level 7. HP: 26/62 MP: 6/6
  3194 | D:5      | Reached skill level 8 in Crossbows
  3397 | D:5      | Noticed Pikel
  3438 | D:5      | Killed Pikel
  3438 | D:5      | Reached ** piety under Okawaru
  3438 | D:5      | Reached skill level 1 in Throwing
  3438 | D:5      | Reached XP level 8. HP: 22/72 MP: 7/7
  3474 | D:5      | Noticed Grinder
  3527 | D:5      | Paralysed by Grinder for 6 turns
  3534 | D:5      | Paralysed by Grinder for 4 turns
  3539 | D:5      | Killed Grinder
  3539 | D:5      | Reached *** piety under Okawaru
  3831 | D:5      | Noticed Menkaure
  3837 | D:5      | Killed Menkaure
  3837 | D:5      | Reached skill level 5 in Armour
  3842 | D:5      | Reached skill level 5 in Polearms
  4108 | D:5      | Found a deep blue altar of Sif Muna.
  4200 | D:6      | Gained mutation: You passively map the area around you.
                  | [Deep Dwarf growth]
  4200 | D:6      | Reached XP level 9. HP: 54/78 MP: 7/7
  4207 | D:6      | Reached **** piety under Okawaru
  4620 | D:6      | Found a snail-covered altar of Cheibriados.
  4707 | D:6      | Noticed Blork the orc
  4720 | D:6      | Killed Blork the orc
  4875 | D:7      | Received a gift from Okawaru
  4902 | D:7      | Noticed Joseph
  4923 | D:7      | Reached skill level 9 in Crossbows
  4942 | D:7      | Slain by Joseph

Skill      XL: |  1  2  3  4  5  6  7  8  9 |
---------------+----------------------------+-----
Crossbows      | 6 7 8 9 |  9.0
Fighting       | 2 3 4 |  4.6
Armour         | 1 2 4 5 |  5.9
Polearms       | 1 2 5 |  5.9
Dodging        | 3 4 |  4.3
Stealth        | 2 |  2.3
Throwing       | 1 |  1.2
Invocations    | |  0.5

Action                   |  1- 3 |  4- 6 |  7- 9 || total
-------------------------+-------+-------+-------++-------
Melee: Short sword       |    21 |       |       ||    21
       Spear             |    33 |    59 |   316 ||   408
       Hand crossbow     |       |     5 |       ||     5
       Punch             |       |       |     1 ||     1
 Fire: Hand crossbow     |    27 |    82 |    82 ||   191
Throw: Tomahawk          |       |     1 |     9 ||    10
Invok: Heroism           |       |       |     4 ||     4
 Abil: Heal Wounds       |       |     1 |    10 ||    11
  Use: Scroll            |     3 |     5 |     4 ||    12
       Potion            |     2 |       |     3 ||     5
  Eat: Ration            |       |     2 |     2 ||     4
       Chunk             |       |     1 |       ||     1
Armor: Leather armour    |     6 |       |       ||     6
       Scale mail        |    31 |    28 |   168 ||   227
Dodge: Dodged            |    28 |    36 |   247 ||   311
